 Dungeon Crawl Stone Soup version 0.24.0-35-gdb84b6a5db (webtiles) character file.

Game seed: 10118296666469823077, levelgen mode: deterministic

2295 Descartes the Blocker (level 9, -1/69 HPs)
             Began as a Formicid Fighter on Nov 17, 2019.
             Succumbed to a killer bee's poison
             ... on level 8 of the Dungeon.
             The game lasted 00:15:48 (6697 turns).

Descartes the Blocker (Formicid Fighter)            Turns: 6697, Time: 00:15:48

Health: -1/69      AC:  9    Str: 21    XL:     9   Next: 67%
Magic:  0/11       EV:  9    Int:  8    God:
Gold:   329        SH: 11    Dex: 13    Spells: 8/8 levels left

rFire    + + .     SeeInvis +   w - +5 flail
rCold    . . .     Gourm    .   c - +0 shield
rNeg     . . .     Faith    .   v - +2 scale mail {rF+}
rPois    .         Spirit   +   (helmet unavailable)
rElec    .         Reflect  .   q - scarf {Spirit}
rCorr    .         Harm     .   (no gloves)
MR       .....                  (no boots)
Stlth    ..........             p - amulet of guardian spirit
HPRegen  0.21/turn              C - ring of protection from fire
MPRegen  0.12/turn              (no ring)

@: lethally poisoned (-1 -> -14)
A: permanent stasis, dig shafts and tunnels, four strong arms, antennae 3
a: Dig, Shaft Self


You were on level 8 of the Dungeon.
You were not hungry.

You visited 1 branch of the dungeon, and saw 8 of its levels.

You collected 329 gold pieces.

Inventory:

Hand Weapons
 a - a +0 war axe
 w - a +5 flail (weapon)
 I - a cursed -3 dire flail
Missiles
 b - 126 arrows
 l - 42 sling bullets
 m - 271 stones (quivered)
 n - 67 bolts
 s - 4 boomerangs of dispersal
 H - 4 large rocks
Armour
 c - a +0 shield (worn)
 q - a scarf of spirit shield (worn)
 v - a +2 scale mail of fire resistance (worn)
 F - a +0 robe of the Archmagi
Magical Staves
 D - an uncursed staff of energy {unknown}
Jewellery
 p - an amulet of guardian spirit (around neck)
 C - a ring of protection from fire (left hand)
Wands
 A - a wand of flame (13)
 E - a wand of enslavement (8)
 G - a wand of paralysis (5)
Scrolls
 e - 5 scrolls of remove curse
 h - 3 scrolls of teleportation {unknown}
 i - a scroll of blinking {unknown}
 j - 3 scrolls of magic mapping {unknown}
 o - 2 scrolls of identify
 r - 3 scrolls of amnesia {unknown}
 u - 2 scrolls of enchant armour {unknown}
 y - a scroll of fear {unknown}
 z - 3 scrolls of noise {unknown}
Potions
 g - 2 potions of curing
 t - a potion of brilliance
 x - 2 potions of degeneration
 B - a potion of haste
Comestibles
 f - 12 rations


   Skills:
 + Level 6.3 Fighting
 * Level 7.1 Axes
 + Level 6.1 Armour
 - Level 9.0 Shields
 * Level 3.0 Evocations


You had 8 spell levels left.
You didn't know any spells.
Your spell library was empty.

Dungeon Overview and Level Annotations

Branches:
Dungeon (9/15)
 Temple: D:4-7         Lair: D:8-11         Orc: D:9-12

Altars:
Cheibriados
Fedhas
Hepliaklqana
Kikubaaqudgha
Okawaru
Vehumet
Zin


Innate Abilities, Weirdness & Mutations

You cannot be hasted, slowed, berserked, paralysed or teleported.
You can dig through walls and to a lower floor.
Your four strong arms can wield two-handed weapons with a shield.
You have a pair of large antennae on your head. (SInv)


Message History

The killer bee is severely wounded.
You feel sick. The killer bee misses you. You block the killer bee's attack.
The bullfrog snags a nearby mosquito with its tongue.
The killer bee closely misses you. x2
Unknown command.
You closely miss the killer bee.
The killer bee is severely wounded.
The killer bee stings you.
* * * LOW HITPOINT WARNING * * *
You are lethally poisoned!
The killer bee poisons you! The killer bee stings you.
* * * LOW HITPOINT WARNING * * *
You are more poisoned.
The killer bee poisons you! You block the killer bee's attack.
The killer bee stings you but does no damage.
The killer bee stings you.
* * * LOW HITPOINT WARNING * * *
You closely miss the killer bee.
The killer bee is severely wounded.
You die... #..PPP..P.PPP P.PPP.P.P.P. #.....PPPPP. #.?.PPPPPP.P

#r........P.
#Fh..P..P.).
#y#F....P...
#@ya>?..."..
####........
.........
..........
..##.......
... .......
.... #......
#### .....#


You could see a black bear, 2 bullfrogs, a porcupine, a worker ant and 2 killer
bees.

Vanquished Creatures
  Menkaure (D:6)
  3 sky beasts
  5 ogres
  A phantom (D:5)
  3 centaurs
  A scorpion (D:4)
  A water moccasin skeleton (D:9)
  A killer bee (D:8)
  A howler monkey (D:5)
  2 crimson imps
  3 hounds
  A bullfrog skeleton (D:5)
  5 jellies
  Ijyb (D:4)
  An iguana (D:3)
  6 orc wizards
  3 worker ants
  A worker ant zombie (D:9)
  4 gnolls (D:3)
  7 adders
  A shadow imp (D:5)
  10 oozes
  2 adder skeletons (D:4)
  5 worms
  3 dart slugs
  6 leopard geckos
  13 orcs
  A ball python (D:4)
  7 giant cockroaches
  9 goblins
  10 hobgoblins
  11 jackals
  A quokka (D:4)
  A ball python skeleton (D:5)
  15 bats
  6 frilled lizards
  14 kobolds
  A quokka zombie (D:6)
  6 rats
173 creatures vanquished.

Vanquished Creatures (others)
  3 fungi
  A plant (D:8)
  12 toadstools (D:4)
16 creatures vanquished.

Grand Total: 189 creatures vanquished

Notes
Turn   | Place    | Note
-------+----------+-------------------------------------------
     0 | D:1      | Descartes the Formicid Fighter began the quest for the Orb.
     0 | D:1      | Reached XP level 1. HP: 18/18 MP: 1/1
   219 | D:1      | Reached XP level 2. HP: 24/24 MP: 2/2
   459 | D:1      | Reached skill level 4 in Shields
   589 | D:1      | Reached XP level 3. HP: 29/29 MP: 3/3
  1442 | D:2      | Reached XP level 4. HP: 37/37 MP: 4/4
  2093 | D:3      | Found a snail-covered altar of Cheibriados.
  2093 | D:3      | Found a hazy altar of Hepliaklqana.
  2094 | D:3      | Found an iron altar of Okawaru.
  2094 | D:3      | Found a radiant altar of Vehumet.
  2094 | D:3      | Found a glowing silver altar of Zin.
  2429 | D:3      | Reached XP level 5. HP: 41/42 MP: 5/5
  2700 | D:3      | Reached skill level 5 in Shields
  3187 | D:4      | Noticed an ogre
  3189 | D:4      | Noticed an ogre
  3208 | D:3      | Reached XP level 6. HP: 23/48 MP: 3/6
  3390 | D:4      | Killed an ogre
  3393 | D:4      | Killed an ogre
  3393 | D:4      | Reached XP level 7. HP: 43/55 MP: 7/7
  3595 | D:4      | Reached skill level 6 in Shields
  3980 | D:4      | Noticed Ijyb
  3992 | D:4      | Killed Ijyb
  4162 | D:5      | Entered Level 5 of the Dungeon
  4165 | D:5      | Reached skill level 5 in Axes
  4172 | D:5      | Reached skill level 5 in Fighting
  4172 | D:5      | Reached XP level 8. HP: 61/62 MP: 6/8
  4530 | D:5      | Reached skill level 5 in Armour
  4530 | D:5      | Reached skill level 7 in Shields
  5132 | D:5      | Reached skill level 8 in Shields
  5273 | D:5      | Reached XP level 9. HP: 69/69 MP: 9/9
  5588 | D:6      | Noticed Menkaure
  5595 | D:6      | Killed Menkaure
  5595 | D:6      | Reached skill level 1 in Evocations
  5892 | D:6      | You fall into a shaft and drop 3 floors!
  5904 | D:9      | Found a blossoming altar of Fedhas.
  5948 | D:9      | Found an ancient bone altar of Kikubaaqudgha.
  6551 | D:9      | Reached skill level 9 in Shields
  6696 | D:8      | HP: 3/69 [killer bee (2)]
  6696 | D:8      | HP: 1/69 [killer bee (2)]
  6697 | D:8      | Succumbed to a killer bee's poison

Levels and vault maps discovered:
D:1:      evilmike_arrival_hilbert_curve, layout_loops_ring
D:2:      layout_loops_ring, kennysheep_generic_room_6
D:3:      minmay_bubble_buster, layout_loops_corners, grunt_temple_overflow_open
D:4:      cheibrodos_fertilizer, layout_loops_ring, first_ration, uniq_ijyb
D:5:      layout_rooms, bh_chokoban, guppyfry_early_lair_pool
D:6:      layout_basic, minmay_misc_feat_columns, st_stairs_13, uniq_menkaure,
          uniq_pikel, uniq_grinder
D:8:      layout_cave_pods, due_lair_maze_entry_diamond,
          grunt_gozag_breadcrumbs, uniq_psyche
D:9:      layout_basic, lemuel_round_altar, orc_0_dummy, lemuel_tele_altar

Skill      XL: |  1  2  3  4  5  6  7  8  9 |
---------------+----------------------------+-----
Shields        | 4 5 6 8 9 |  9.0
Axes           | 3 4 5 6 7 |  7.1
Fighting       | 4 5 6 |  6.3
Armour         | 4 5 6 |  6.1
Evocations     | 3 |  3.0

Action                   |  1- 3 |  4- 6 |  7- 9 || total
-------------------------+-------+-------+-------++-------
Melee: War axe           |   121 |   108 |       ||   229
       Flail             |       |    53 |   321 ||   374
 Abil: Dig               |       |       |     3 ||     3
  Use: Scroll            |       |       |     6 ||     6
       Potion            |       |       |     5 ||     5
  Eat: Chunk             |     2 |     6 |    10 ||    18
       Ration            |       |       |     1 ||     1
Armor: Scale mail        |    40 |    54 |   125 ||   219
Dodge: Dodged            |    30 |    61 |   135 ||   226
Block: Shield            |    55 |    90 |   188 ||   333
